 Dungeon Crawl Stone Soup version 0.20.1-1-g8b1a95d (webtiles) character file.

96 Lanoc the Cutter (level 4, -5/32 HPs)
             Began as an Octopode Monk on Nov 28, 2017.
             Slain by a worker ant (6 damage)
             ... on level 4 of the Dungeon.
             The game lasted 00:07:41 (1566 turns).

Lanoc the Cutter (Octopode Monk)                    Turns: 1566, Time: 00:07:41

Health: -5/32      AC:  1    Str: 10    XL:     4   Next: 67%
Magic:  4/4        EV: 15    Int: 12    God:
Gold:   148        SH:  0    Dex: 15    Spells: 3/3 levels left

rFire    + . .     SeeInvis .   q - +0 dagger
rCold    x . .     Gourm    .   (no shield)
rNeg     . . .     Faith    .   (helmet restricted)
rPois    .         Spirit   .   (no amulet)
rElec    .         Reflect  .   m - ring of fire
rCorr    .         Harm     .   (no ring)
MR       .....                  (no ring)
Stlth    ++++......             (no ring)
Regen    0.1/turn               (no ring)
MPRegen  0.1/turn               (no ring)
                                (no ring)
                                (no ring)

@: no status effects
A: almost no armour, stealthy swim, amphibious, 8 rings, constrict 8, camouflage
1, gelatinous body 1
a: no special abilities


You were on level 4 of the Dungeon.
You were not hungry.

You visited 1 branch of the dungeon, and saw 4 of its levels.

You collected 148 gold pieces.

Inventory:

Hand Weapons
 q - a +0 dagger (weapon)
Missiles
 l - 11 javelins (quivered)
Jewellery
 m - a ring of fire (left tentacle)
Scrolls
 d - 2 scrolls of remove curse {unknown}
 h - 2 scrolls of identify {unknown}
 i - a scroll of random uselessness {unknown}
 k - a scroll of teleportation {unknown}
 n - a scroll of immolation {unknown}
 o - a scroll of fear {unknown}
Potions
 c - 3 potions of heal wounds {unknown}
 e - 2 potions of degeneration {unknown}
 g - 2 potions of lignification {unknown}
 j - 3 potions of agility {unknown}
Comestibles
 a - 3 royal jellies
 b - 3 bread rations
 f - a chunk of flesh
 p - 2 meat rations
 r - a fruit


   Skills:
 + Level 3.6 Fighting
 + Level 4.0 Short Blades
 + Level 3.4 Dodging
 * Level 3.9 Stealth


You had 3 spell levels left.
You didn't know any spells.

Dungeon Overview and Level Annotations

Branches:
Dungeon (4/15)
 Temple: D:4-7

Altars:

Annotations:
D:3 Ymberto's ghost, amateur HuFi


Innate Abilities, Weirdness & Mutations

You cannot wear most types of armour.
You are very stealthy in the water. (Stealth+)
You are amphibious.
You can wear up to eight rings at the same time.
You can use your tentacles to constrict eight enemies at once.
Your skin changes colour to match your surroundings (Stealth+).
Your rubbery body absorbs attacks. (AC +1, EV +1)


Message History

You constrict the worker ant. The worker ant barely misses you.
You hit the worker ant but do no damage.
The worker ant is moderately wounded.
You constrict the worker ant.
You hit the worker ant but do no damage.
The worker ant is heavily wounded.
You constrict the worker ant. The worker ant barely misses you.
You hit the worker ant.
The worker ant is severely wounded.
You constrict the worker ant. The worker ant bites you!
* * * LOW HITPOINT WARNING * * *
You hit the worker ant but do no damage.
You squeeze the worker ant, but do no damage.
The worker ant is almost dead.
You constrict the worker ant, but do no damage.
The worker ant completely misses you.
You hit the worker ant but do no damage.
The worker ant is almost dead.
You constrict the worker ant. The worker ant bites you.
You die...

#.#..#.#.#.#
#...........
##..........(
#............
#...........
##........#
#.......#.#.
#....<..# ..
#@♣.♣♣♣.#.#.
#a♣[P♣♣.....
##♣.♣.P.#.#.
♣P........
♣♣♣P♣......
.....#..
...... ..#..#
.......


You could see a worker ant.

Vanquished Creatures
  4 adders
  2 worms (D:2)
  4 dart slugs
  2 bats
  2 giant cockroaches
  9 goblins
  3 hobgoblins
  4 jackals (D:2)
  6 kobolds
  A quokka (D:3)
  A ball python (D:2)
  6 frilled lizards
  3 rats
47 creatures vanquished.

Vanquished Creatures (others)
  A hobgoblin (D:3)
1 creature vanquished.

Grand Total: 48 creatures vanquished

Notes
Turn   | Place    | Note
-------+----------+-------------------------------------------
     0 | D:1      | Lanoc the Octopode Monk began the quest for the Orb.
     0 | D:1      | Reached XP level 1. HP: 16/16 MP: 1/1
    47 | D:1      | Reached XP level 2. HP: 17/21 MP: 2/2
   471 | D:2      | Reached XP level 3. HP: 23/26 MP: 3/3
   790 | D:2      | Reached XP level 4. HP: 23/31 MP: 4/4
  1153 | D:3      | Reached skill level 4 in Short Blades
  1161 | D:3      | Noticed Ymberto's ghost (amateur HuFi)
  1564 | D:4      | HP: 1/32 [worker ant (8)]
  1566 | D:4      | Slain by a worker ant

Skill      XL: |  1  2  3  4 |
---------------+-------------+-----
Stealth        | 3 |  3.9
Short Blades   | 4 |  4.0
Fighting       | |  3.6
Dodging        | |  3.4

Action                   |  1- 3 |  4- 6 || total
-------------------------+-------+-------++-------
Melee: Short sword       |    11 |       ||    11
       Constrict         |    22 |     3 ||    25
       Tentacles         |    16 |     5 ||    21
       Dagger            |    76 |    34 ||   110
Throw: Javelin           |     7 |     3 ||    10
 Stab: Sleeping          |     5 |     6 ||    11
       Distracted        |       |     1 ||     1
  Eat: Chunk             |       |     2 ||     2
Armor: Skin              |     4 |     3 ||     7
Dodge: Dodged            |    52 |    13 ||    65
